 Dungeon Crawl Stone Soup version 0.17.0-28-g6e173f8 (webtiles) character file.

344 DeXoteric the Poker (level 6, -7/44 HPs)
             Began as a Merfolk Skald on Dec 3, 2015.
             Mangled by an ogre
             ... wielding a +0 giant spiked club
              (18 damage)
             ... on level 4 of the Dungeon.
             The game lasted 00:10:57 (4291 turns).

DeXoteric the Poker (Merfolk Skald)                 Turns: 4291, Time: 00:10:57

Health: -7/44      AC:  4    Str: 14    XL:     6   Next: 58%
Magic:  5/9        EV: 11    Int: 14    God:
Gold:   199        SH:  0    Dex: 13    Spells: 4 memorised, 0 levels left

rFire  . . .     SeeInvis .     a - +0 spear
rCold  . . .     Clarity  .     b - +0 leather armour
rNeg   . . .     SustAt   .     (no shield)
rPois  .         Gourm    .     (no helmet)
rElec  .         Spirit   .     (no cloak)
rCorr  .         Warding  .     o - +0 pair of gloves
rMut   .         Stasis   .     (no boots)
MR     .....                    (no amulet)
Stlth  ++........               v - ring of stealth
                                t - +2 ring of strength

@: lethally poisoned (-7 -> -12), very slightly contaminated, not resistant to
hostile enchantments, unstealthy
A: change form in water, swift swim
a: no special abilities


You were on level 4 of the Dungeon.
You were very hungry.

You visited 1 branch of the dungeon, and saw 4 of its levels.

You collected 199 gold pieces.

Inventory:

Hand Weapons
 a - a +0 spear (weapon)
Armour
 b - a +0 leather armour (worn)
 o - a +0 pair of gloves (worn)
Jewellery
 t - a +2 ring of strength (left hand)
 v - a ring of stealth (right hand)
Scrolls
 f - a scroll of recharging {unknown}
 h - a scroll of noise {unknown}
 k - 2 scrolls of enchant weapon {unknown}
 q - 3 scrolls of remove curse {unknown}
 r - a scroll of fog {unknown}
 u - a scroll of magic mapping {unknown}
 w - a scroll of identify {unknown}
 x - a scroll of fear {unknown}
 y - a scroll of teleportation {unknown}
Potions
 e - a potion of invisibility {unknown}
 i - a potion of degeneration {unknown}
 j - 2 potions of cancellation {unknown}
 l - a potion of agility {unknown}
 n - 3 potions of brilliance {unknown}
 p - a potion of heal wounds
 s - a potion of poison {unknown}
 z - 3 potions of might {unknown}
Books
 c - a book of Battle

   Spells                             Type                      Level
   a - Infusion                       Charms                       1
   b - Shroud of Golubria             Charms/Translocation         2
   c - Song of Slaying                Charms                       2
   d - Spectral Weapon                Hexes/Charms                 3
   e - Regeneration                   Charms/Necromancy            3
Comestibles
 d - 3 bread rations
 g - a meat ration
 m - 2 beef jerkies


   Skills:
 - Level 2.1 Fighting
 + Level 6.9 Polearms
 - Level 0.6 Armour
 - Level 1.3 Dodging
 - Level 2.0 Spellcasting
 * Level 6.2 Charms


You couldn't memorise any spells.
You knew the following spells:

 Your Spells              Type           Power        Failure   Level  Hunger
a - Infusion              Chrm           ###...       2%          1    ##.....
b - Spectral Weapon       Hex/Chrm       ##......     28%         3    ####...
g - Shroud of Golubria    Chrm/Tloc      ##........   14%         2    ###....
r - Regeneration          Chrm/Necr      ##........   28%         3    ####...


Dungeon Overview and Level Annotations

Branches:
Dungeon (4/15)
 Temple: D:4-7

Altars:
Ru


Message History

* * * LOW HITPOINT WARNING * * *
You swap places.
You feel sick.
The ogre barely misses your spectral weapon.
Attack whom?
Aim: an ogre, wielding a giant spiked club You could not reach far enough!
You feel sick.
Attack whom?
Aim: an ogre, wielding a giant spiked club You reach to attack!
You hit the ogre.
Your spectral weapon hits the ogre!
Attack whom?
Aim: an ogre, wielding a giant spiked club (heavily wounded)
You could not reach far enough!
You feel sick.
You are too injured to fight recklessly!
You feel sick.
You feel sick.
You are too injured to fight recklessly!
You hit the ogre.
You feel sick.
Your spectral weapon barely misses the ogre.
The ogre hits you with a giant spiked club!!
You die...

...............(..
###..............#
######...####..
#...# #...# #...#
#...######..
#########.#........
#...(Om...#.####...
#†#########.# #.
#.# #. #.# #. #.#
.. ... .. ### .#


You could see an ogre.

Vanquished Creatures
  2 orc wizards (D:3)
  2 worker ants (D:4)
  Terence (D:3)
  Natasha (thrice) (D:3)
  9 adders
  An ooze (D:1)
  An adder skeleton (D:4)
  A worm (D:3)
  3 giant geckos
  7 orcs
  12 bats
  6 giant cockroaches
  9 hobgoblins
  7 kobolds
  A quokka (D:3)
  A ball python (D:3)
  4 giant newts
  9 goblins
  4 jackals (D:2)
  7 rats
90 creatures vanquished.

Notes
Turn   | Place    | Note
--------------------------------------------------------------
     0 | D:1      | DeXoteric the Merfolk Skald began the quest for the Orb.
     0 | D:1      | Reached XP level 1. HP: 16/16 MP: 3/3
   186 | D:1      | Reached XP level 2. HP: 22/22 MP: 5/5
   195 | D:1      | Learned a level 2 spell: Shroud of Golubria
   429 | D:1      | Reached skill level 4 in Polearms
   568 | D:1      | Reached XP level 3. HP: 22/27 MP: 6/6
   927 | D:1      | Learned a level 3 spell: Spectral Weapon
  1310 | D:2      | Reached XP level 4. HP: 31/33 MP: 7/7
  1784 | D:3      | Reached skill level 5 in Polearms
  1848 | D:3      | Noticed Natasha
  1898 | D:3      | HP: 1/33 [adder (4)]
  1911 | D:2      | HP: 1/33 [poisoned by an adder]
  2598 | D:3      | Found a sacrificial altar of Ru.
  2611 | D:3      | Reached XP level 5. HP: 29/38 MP: 8/8
  2755 | D:3      | Reached skill level 5 in Charms
  3066 | D:3      | Reached skill level 6 in Polearms
  3072 | D:3      | Killed Natasha
  3076 | D:3      | Noticed Natasha
  3082 | D:3      | Killed Natasha
  3417 | D:3      | Reached XP level 6. HP: 44/44 MP: 9/9
  3422 | D:3      | Learned a level 3 spell: Regeneration
  3453 | D:3      | Noticed Terence
  3482 | D:3      | Killed Terence
  3519 | D:3      | Noticed Natasha
  3522 | D:3      | Killed Natasha
  3928 | D:4      | HP: 2/44 [worker ant (1)]
  3939 | D:4      | HP: 2/44 [poisoned by a worker ant]
  3945 | D:3      | HP: 1/44 [poisoned by a worker ant]
  4291 | D:4      | Mangled by an ogre

Action                   |  1- 3 |  4- 6 || total
-------------------------+-------+-------++-------
Melee: Spear             |   175 |   276 ||   451
 Cast: Spectral Weapon   |       |     3 ||     3
       Regeneration      |       |     1 ||     1
  Use: Potion            |       |     6 ||     6
 Stab: Sleeping          |     2 |     6 ||     8
       Distracted        |       |     4 ||     4
       Invisible         |       |     1 ||     1
  Eat: Chunk             |     1 |    10 ||    11
